AoeStats
← NuMa | JuanMan

Black Forest

505442718Analyzed
1v1 RM · 23d ago on Sep 9, 2026· 40m 24s· 2 players
Game mode
Random Map
Map size
Tiny (2 player)
Population
200
Speed
Normal
Resources
Standard
Victory
Conquest
Starting age
Dark Age
Ending age
Imperial Age
RankedLock teamsTeams togetherTeam positionsShared explorationLock speedFull tech treeHidden civsTurbo modeCheats
Victory
Defeat
🇨🇴 Japanese · Colombia
1597
+11
🇺🇦 Portuguese · Ukraine
1478
-11
TanCey
0:30 Loom
11:47 Feudal Age
16:45 Castle Age
27:09 Wheelbarrow
27:17 Wheelbarrow
26:28 Town Watch
27:30 Fortified Wall
28:39 Double-Bit Axe
35:27 Imperial Age
33:11 Fletching
34:43 Gold Mining
34:46 Horse Collar
37:10 Chemistry
36:27 Stone Mining
NuMa | JuanMan
5:47 Loom
9:29 Feudal Age
9:30 Man-at-Arms
10:18 Arson
13:36 Double-Bit Axe
14:37 Horse Collar
21:46 Castle Age
20:10 Gold Mining
20:10 Stone Mining
23:00 Bow Saw
22:58 Heavy Plow
26:41 Imperial Age
26:02 Gold Shaft Mining
25:40 Stone Mining
25:52 Scale Mail Armor
26:49 Fletching
29:24 Gambesons
33:19 Yasama
34:11 Kataparuto
35:34 Two-Man Saw
34:57 Squires
40:27 Chain Mail Armor
40:39 Forging
41:23 Conscription
Connection lost

Rejoining the realm…

Still unreachable

The connection could not be restored.

Session expired

The server has moved on; the page needs a fresh start.